cohdb
Replays
Latest Replays
All Replays
Popular Replays
Top Player Replays
Match Explorer
How It Works
Community
CoH3 Stats
Reddit
Sign in to upload your games and track your stats! →
Sign in with Steam
Match 43061179
Unlisted
Match 43061179
Overview
Messages
Build Orders
End
Construct Barracks
Scout Squad
1⁄4-ton 4x4 Truck
Riflemen Squad
Riflemen Squad
Grenade Package
Mechanized Support Center
Construct Weapon Support Center
M1919 Machine Gun Team
M3 Armored Personnel Carrier
M1919 Machine Gun Team
Construct Medical Station
M1918 Browning Automatic Rifles
Riflemen Squad
Construct Tank Depot
M4A1 Sherman Medium Tank
Riflemen Squad
Riflemen Squad
M1919 Machine Gun Team
Designate Forward Repair Station
M4A1 76mm Conversion
Construct Medical Station
Construct Motor Pool
Selects Heavy Weapons
Selects Assault Carriers
Selects Exchangeable Parts
Selects M26 Pershing Heavy Tank
Selects M2HB .50cal Heavy Machine Gun
Selects Gallant Stand
M1 Anti-tank Gun Team
M1 Anti-tank Gun Team
M3 75 mm Gun Motor Carriage
Selects Black Dragon Artillery Barrage
Engineer Squad
Engineer Squad
Black Dragon Artillery Barrage
M26 Pershing Heavy Tank
Engineer Squad
Engineer Squad
Engineer Squad
Engineer Squad
matrix4x4
cutta
0
0
Comments
sign in to comment!
No comments posted yet!